 Dungeon Crawl Stone Soup version 0.31-a0-662-g684573625c (webtiles) character file.

Game seed: 3181706397480743053

205 Shayle the Changeling (level 5, 0/48 HPs)
             Began as an Ogre Shapeshifter on Sept 1, 2023.
             Succumbed to a goblin's poison
             ... on level 3 of the Dungeon.
             The game lasted 00:06:55 (3508 turns).

Shayle the Changeling (Ogre Shapeshifter)           Turns: 3508, Time: 00:06:55

Health: 0/48       AC:  3    Str: 18    XL:     5   Next: 83%
Magic:  5/5        EV:  9    Int: 13    God:
Gold:   83         SH:  0    Dex:  8    Spells: 4/4 levels left

rFire   . .          .
                       - Unarmed
rCold   . . .        (no shield)
rNeg    . . .        a - +0 animal skin
rPois   .            (helmet currently unavailable)
rElec   .            (cloak currently unavailable)
rCorr   .            (gloves unavailable)
SInv    .            (boots unavailable)
Will    .....        (no amulet)
Stlth   +            (no ring)
HPRegen 0.28/turn    (no ring)
MPRegen 0.09/turn

%: no passive effects
@: lethally poisoned (0 -> -22), beast-form, attractive
A: beast (slay +2), large, unfitting armour, tough skin 1
a: Begin Untransformation


You were on level 3 of the Dungeon.
You were a hulking beast.
You visited 1 branch of the dungeon, and saw 3 of its levels.
You also visited: Sewer.

You collected 83 gold pieces.

Inventory:

Hand Weapons
 m - a +2 trident of flaming
Armour
 a - a +0 animal skin (worn)
Jewellery
 h - a ring of wizardry
Talismans
 c - a beast talisman (active)
 d - a flux talisman
Scrolls
 b - 2 scrolls of enchant armour {unknown}
 e - 3 scrolls of identify {unknown}
 g - a scroll of poison
 n - a scroll of vulnerability {unknown}
 p - 3 scrolls of revelation {unknown}
 q - a scroll of acquirement {unknown}
 r - a scroll of brand weapon {unknown}
 t - a scroll of noise {unknown}
Potions
 f - a potion of berserk rage {unknown}
 j - a potion of cancellation {unknown}
 k - a potion of curing {unknown}
 o - a potion of haste {unknown}
 s - 6 potions of enlightenment


   Skills:
 - Level 1.3 Fighting
 - Level 1.7 Dodging
 + Level 4.4 Unarmed Combat
 + Level 4.6 Shapeshifting


You had 4 spell levels left.
You didn't know any spells.
Your spell library was empty.

Dungeon Overview and Level Annotations

Branches:
Dungeon (3/15)              Sewer (visited)

Altars:
Sif Muna
Uskayaw

Shops:
D:1 [

Annotations:
D:3 Robin


Innate Abilities, Weirdness & Mutations

You are a hulking beast.
Your limbs bulge with bestial killing power. (Slay +2)
You are too large for most types of armour.
You have tough skin. (AC +1)


Message History

You kill the goblin!
Robin throws the goblin at you!
You hit the goblin.
You kill the goblin!
The air fills with toxic fumes!
As you read the scroll labelled DUCEMA WOONNAXT, it crumbles to dust.
It was a scroll of poison.
The frilled lizard misses you.
You hit the frilled lizard.
You kill the frilled lizard!
You barely miss the goblin. Robin throws the goblin at you!
The goblin hits you with a +0 club.
You completely miss the goblin.
The goblin is engulfed in poison gas.
The goblin is poisoned.
The goblin hits you but does no damage. x2
You hit the goblin.
You kill the goblin!
The goblin is engulfed in poison gas.
The goblin looks even sicker.
You kill the goblin!
Robin roars a battlecry!
The goblins go into a battle-frenzy!
The worm is engulfed in poison gas.
The worm is poisoned.
You barely miss the goblin. Robin throws the goblin at you!
The goblin hits you with a +3 dagger of venom.
You are poisoned.
The goblin is poisoned.
The goblin hits you with a +0 club.
* * * LOW HITPOINT WARNING * * *
Unknown command.
It was a potion of attraction.
You feel attractive to monsters.
* * * LOW HITPOINT WARNING * * *
You feel very sick.
The goblin is engulfed in poison gas.
The goblin looks even sicker.
You kill the goblin!
The goblin hits you with a +3 dagger of venom.
* * * LOW HITPOINT WARNING * * *
You are more poisoned.
The worm is engulfed in poison gas.
The worm looks even sicker.
The worm is attracted toward you.
Okay, then.
It was a potion of magic.
Magic courses through your body.
You die...

~~#w#~#..........#....###.###....
#~#~#~#..........#....###.# #....
~~#~#~#..........#.(......# #....
#~#~#~#..........#..[.##### #....
~~~~#.#..........#....# #....
##################....# #....
~~~~~~~#.§...# ###.### ###..
#~#~#~~#.§§§§#######§§○########..
~~~~.~.#.§☼§☼.wgh§§§§☼§§.........
.~.....#...######§#############.#
.......÷......w.#§# #.#
....######g####.#○# #.# ...##
#.l# #§# #.# ...# #g.# #☼# #?#
...# ##..# .§§ ... ...#
#..g#############.### ## ...#
##.#.g.gggg.......g...


You could see a worm (very poisoned) and a goblin (strong).

Vanquished Creatures
  8 adders
  3 river rats
  10 worms
  8 ball pythons
  5 endoplasms
  2 giant cockroaches
  10 goblins
  5 hobgoblins
  6 jackals (Sewer)
  5 quokkas
  10 bats
  3 frilled lizards
  2 kobolds
  4 rats
81 creatures vanquished.

Notes
Turn   | Place    | Note
-------+----------+-------------------------------------------
     0 | D:1      | Shayle the Ogre Shapeshifter began the quest for the Orb.
     0 | D:1      | Reached XP level 1. HP: 19/19 MP: 1/1
   194 | D:1      | Reached XP level 2. HP: 27/27 MP: 2/2
   538 | D:1      | Found a faded altar of an unknown god.
   677 | D:1      | Found Teorao Quec's Armour Shop.
  1195 | D:2      | Reached XP level 3. HP: 9/33 MP: 3/3
  1600 | D:2      | Found a hide-covered altar of Uskayaw.
  2060 | D:3      | Found a shimmering blue altar of Sif Muna.
  2252 | D:3      | Reached XP level 4. HP: 38/41 MP: 4/4
  2299 | D:3      | Found a glowing drain.
  2307 | Sewer    | Entered a sewer
  2485 | Sewer    | Reached XP level 5. HP: 45/48 MP: 5/5
  3477 | D:3      | Noticed Robin
  3508 | D:3      | Succumbed to a goblin's poison

Illustrated notes

Levels and vault maps discovered:
D:1:      minmay_arrival_nine_rooms, layout_loops_corners,
          dreamdust_ecumenical_altar_grove, serial_shops,
          nicolae_shop_peninsula, nicolae_wormholes
D:2:      layout_basic, basic_altar, nrook_uturn
D:3:      layout_basic, nzn_hepliaklqana_mist_gate,
          nicolae_sif_muna_condensation, lightli_sewer_entry_pipes,
          roderic_lattice_a, uniq_robin

Skill      XL: |  1  2  3  4 |
---------------+-------------+-----
Unarmed Combat | 3 4 |  4.4
Shapeshifting  | 4 |  4.6
Fighting       | |  1.3
Dodging        | |  1.7

Action                     |  1- 3 |  4- 6 || total
---------------------------+-------+-------++-------
  Melee: Unarmed           |   112 |   162 ||   274
         Punch             |     3 |     3 ||     6
    Use: Potion            |       |     3 ||     3
         Scroll            |       |     1 ||     1
 Armour: Animal skin       |    63 |    92 ||   155
         Skin              |       |    14 ||    14
  Dodge: Dodged            |    41 |    57 ||    98

Table legend: (Time is in decaauts)
 A = Elapsed time spent in this place.
 B = Non-inter-level travel time spent in this place.
 C = Inter-level travel time spent in this place.
 D = Time resting spent in this place.
 E = Time spent auto-exploring this place.
 F = Levels seen in this place.
 G = Mean time per level.
                   A        B        C        D        E       F      G
               +--------+--------+--------+--------+--------+-----+--------+
         Total |   3487 |   3384 |    103 |    122 |   2195 |   4 |  871.8 |
       Dungeon |   2517 |   2414 |    103 |      4 |   1791 |   3 |  839.0 |
         Sewer |    970 |    970 |      0 |    118 |    404 |   1 |  970.0 |
               +--------+--------+--------+--------+--------+-----+--------+

Top non-repeatable levels by time:
     D:2: 1059 daAuts
     D:1: 986 daAuts
   Sewer: 970 daAuts
     D:3: 471 daAuts
